 Dungeon Crawl Stone Soup version 0.18-a0-1206-g2bec475 (webtiles) character file.

208060 Psiweapon the Fighter (level 18, -1/117 HPs)
             Began as a Gargoyle Gladiator on Jan 31, 2016.
             Was the Champion of Pakellas.
             Killed from afar by Mara (illusionary) (39 damage)
             ... with a bolt of fire
             ... on level 3 of the Spider Nest on Feb 2, 2016.
             The game lasted 04:23:21 (33935 turns).

Psiweapon the Fighter (Gargoyle Gladiator)         Turns: 33935, Time: 04:23:25

Health: -1/117     AC: 36    Str: 34      XL:     18   Next: 77%
Magic:  0/27       EV: 14    Int: 12 (13) God:    Pakellas [******]
Gold:   1433       SH:  0    Dex: 10      Spells: 1 memorised, 15 levels left

rFire  . . .     SeeInvis .     R - +1 rod of clouds (11/17)
rCold  + . .     Gourm    .     F - +2 chain mail {rF+}
rNeg   + . .     Faith    .     (no shield)
rPois  ∞         Spirit   .     l - +2 hat {MR+}
rElec  +         Dismiss  .     w - +0 cloak "Zemih" {Str+4 Slay+2}
rCorr  .         Reflect  .     x - +2 pair of gloves {Str+3}
SustAt .         Harm     .     r - +0 pair of boots
MR     ++...     Rnd*Tele +     O - amulet of regeneration
Stlth  ..........               s - ring of ice
                                t - +2 ring of slaying

@: flying, very resistant to hostile enchantments, extremely unstealthy
A: antennae 1, big wings, claws 1, clever 1, mutation resistance 1, negative
energy resistance 1, shaggy fur 1, electricity resistance, strong 1,
teleportitis 1, unbreathing, petrification resistance, rot immunity, AC +13
a: Stop Flying, Quick Charge, Device Surge, Renounce Religion
}: 1/15 runes: decaying


You were on level 3 of the Spider Nest.
You worshipped Pakellas.
Pakellas was exalted by your worship.
You were not hungry.

You visited 5 branches of the dungeon, and saw 31 of its levels.
You also visited: Sewer and Ice Cave.

You collected 2181 gold pieces.
You spent 748 gold pieces at shops.

Inventory:

Hand Weapons
 a - the +9 lajatang of Owejiussurr {freeze, -Tele rPois Str+3 Dex+4}
   (You acquired it on level 1 of the Lair of Beasts)

   It has been specially enchanted to freeze those struck by it, causing extra
   injury to most foes and up to half again as much damage against particularly
   susceptible opponents.
   It can also slow down cold-blooded creatures.
   It affects your strength (+3).
   It affects your dexterity (+4).
   It protects you from poison.
   It prevents most forms of teleportation.
 b - a +1 arbalest of flaming
 c - a +1 battleaxe of freezing
 C - a +5 quarterstaff of protection
 K - the +8 war axe of Fragile Peace {chop, rElec rF+ rN+ Stlth+}
   (You found it on level 1 of the Spider Nest)

   It inflicts extra damage upon your enemies.
   It protects you from fire.
   It insulates you from electricity.
   It protects you from negative energy.
   It makes you more stealthy.
Missiles
 d - 8 throwing nets (quivered)
 B - 4 bolts of penetration
 S - 96 bolts
Armour
 l - a +2 hat of magic resistance (worn)
 r - a +0 pair of boots (worn)
 w - the +0 cloak "Zemih" (worn) {Str+4 Slay+2}
   (You found it on level 12 of the Dungeon)

   It affects your strength (+4).
   It affects your accuracy and damage with ranged weapons and melee attacks
   (+2).
 x - a +2 pair of gloves of strength (worn)
 F - a +2 chain mail of fire resistance (worn)
 N - a +1 cloak of invisibility
Rods
 E - a +9 lightning rod (5/11)
   (Pakellas gifted it to you on level 4 of the Lair of Beasts)
 J - a +3 iron rod (5/9)
   (Pakellas gifted it to you on level 3 of the Spider Nest)
 R - a +1 rod of clouds (11/17) (weapon)
   (Pakellas gifted it to you on level 10 of the Dungeon)
 T - a +1 rod of clouds (10/10)
   (You found it on level 7 of the Dungeon)
 W - a +10 rod of inaccuracy (18/18)
   (You found it on level 14 of the Dungeon)
Jewellery
 e - an uncursed ring of see invisible
 s - a ring of ice (right hand)
 t - a +2 ring of slaying (left hand)
 M - the ring "Ylyreon" {EV+3 Int+4}
   (You found it on level 14 of the Dungeon)

   [ring of evasion]

   It affects your evasion (+3).
   It affects your intelligence (+4).
 O - an amulet of regeneration (around neck)
 P - a +5 ring of dexterity
 V - an uncursed ring of magical power
 Y - an uncursed ring of resist corrosion
Wands
 h - a wand of polymorph (10/24)
 k - a wand of draining (6/15)
 o - a wand of confusion (21/48)
 z - a wand of fireball (7/15)
 D - a wand of lightning (4/15)
 G - a wand of teleportation (0/9)
 H - a wand of confusion (24/48)
 I - a wand of digging (12/24)
 L - a wand of paralysis (5/24)
 Q - a wand of lightning (1/15)
 X - a wand of disintegration (16/24)
Scrolls
 g - 2 scrolls of magic mapping
 p - 2 scrolls of blinking
 A - 8 scrolls of remove curse
 U - 4 scrolls of fear
Potions
 i - 3 potions of magic
 m - 3 potions of heal wounds
 n - 15 potions of curing
 u - 6 potions of might
 v - 9 potions of brilliance
 y - 2 potions of resistance
 Z - a potion of haste
Miscellaneous
 j - a stone of tremors
 q - a fan of gales
Comestibles
 f - 12 bread rations


   Skills:
 + Level 14.7 Fighting
 + Level 5.2 Axes
 + Level 14.5 Staves
 + Level 13.9 Crossbows
 + Level 2.7 Throwing
 + Level 11.0 Armour
 + Level 11.9 Dodging
 + Level 6.5 Stealth
 * Level 12.7 Evocations


You had 15 spell levels left.
You knew the following spells:

 Your Spells              Type           Power        Failure   Level  Hunger
a - Blink                 Tloc           N/A          98%         2    ###....


Dungeon Overview and Level Annotations

Branches:
Dungeon (15/15)            Temple (0/1) D:6            Lair (8/8) D:11
  Swamp (4/4) Lair:6       Spider (3/4) Lair:5        Slime (0/6) Lair:7
    Orc (0/2) D:9          Vaults (0/5) D:13         Depths (1/5) D:15

Altars:
Dithmenos
Fedhas
Gozag
Makhleb
Nemelex Xobeh
Okawaru
Pakellas
Sif Muna
Vehumet
Xom
Zin
The Shining One
Jiyva
Lugonu

Shops:
D:5 ?   D:10 *   D:11 [*:((

Annotations:
Lair:4 2 exclusions
Lair:7 1 exclusion
Lair:8 1 exclusion
Spider:3 Mara


Innate Abilities, Weirdness & Mutations

You are resistant to torment.
Your stone body is resilient (AC +13).
You are immune to poison.
Your large and strong wings let you fly indefinitely.
You resist negative energy.
You are resistant to electric shocks.
You can survive without breathing.
You are immune to petrification.
You are immune to rotting.
You have a pair of small antennae on your head.
You have sharp fingernails.
Your mind is acute. (Int +2)
You are somewhat resistant to further mutation.
You are covered in fur (AC +1).
Your muscles are strong. (Str +2)
You are occasionally teleported next to monsters.


Message History

Mara gestures.
Mara blinks!
You found a web!
Mara gestures.
Mara blinks!
Aiming: Cloud Cone
Press: ? - help, Dir - move target cursor, f - Mara
Aim: Mara, wielding a demon whip of venom and wearing a robe (almost dead)
Okay, then.
Psiweapon's illusion misses you.
Aiming: Cloud Cone
Press: ? - help, Dir - move target cursor You create a blast of poison gas!
Psiweapon's illusion hits you but does no damage.
Mara gestures.
Mara blinks!
Mara gestures at you.
The bolt of fire hits Psiweapon's illusion.
The bolt of fire hits you!
You die...

....#^######^.#.#$...#
.#.#### #.........#
.### #.( ###.......##
.^.###$..#.#§§§§..##
....#......§§§§§.##
....###.....§§§§§.#
......##.....§§§§##
.......##....(.§R.#
......###..R..R@@##
....### #######^##
.%...# ### ....##
.≈### ≈## #.# ≈.# ≈.#


You could see 3 Maras and Psiweapon's illusion.

Vanquished Creatures
  2 thorn hunters
  The ghost of Iskender the Bludgeoner, a journeyman OgWn of Okawaru (D:14)
  Donald (Swamp:1)
  Maud (Lair:4)
  A frost giant (D:15)
  Louise (Swamp:2)
  Aizul (Swamp:4)
  2 emperor scorpions
  Nessos (Lair:5)
  A spark wasp (Spider:3)
  A fire dragon (Lair:2)
  2 vault guards (D:13)
  Josephine (D:13)
  An ice dragon (Lair:7)
  30 hydras
  Fannar (Lair:1)
  Erolcha (D:8)
  A ghost crab (Swamp:1)
  3 centaur warriors
  An ogre mage (D:15)
  7 death yaks
  12 alligators
  A tengu warrior (D:15)
  Urug (Lair:1)
  4 unseen horrors
  4 shambling mangroves
  A flayed ghost (D:15)
  A wizard (D:13)
  6 hill giants
  8 swamp dragons
  A wolf spider zombie (D:15)
  2 orc knights (D:15)
  A shadow dragon zombie (D:15)
  2 griffons (Lair:6)
  18 wolf spiders
  2 cyclopes
  A sphinx zombie (D:15)
  5 necromancers
  8 orb spiders
  3 hornets
  26 ugly things
  A moth of wrath (Spider:1)
  A manticore (Lair:6)
  A sphinx skeleton (D:15)
  An octopode (shapeshifter) (D:13)
  7 black mambas
  An eye of devastation (shapeshifter) (D:15)
  4 elephants (Lair:8)
  A centaur zombie (D:14)
  3 ice statues
  Psyche (D:8)
  Joseph (D:8)
  A black mamba (shapeshifter) (D:15)
  A rust devil (D:13)
  An orange demon (D:13)
  2 gargoyles (D:13)
  2 torpor snails
  18 spiny frogs
  A yaktaur (D:13)
  6 demonic crawlers
  9 komodo dragons
  7 ice devils (IceCv)
  An efreet (D:14)
  A kobold demonologist (D:10)
  2 guardian mummies (D:15)
  5 fire drakes
  2 tengu conjurers (D:13)
  3 spriggan druids
  2 red devils (D:13)
  2 two-headed ogres
  6 trolls
  2 giant leeches (Swamp:2)
  30 jumping spiders
  18 polar bears
  2 boulder beetles
  30 slime creatures
  9 bog bodies
  14 blink frogs
  7 wraiths
  36 tarantellas
  A fire dragon skeleton (D:15)
  61 redbacks
  A shadow (Swamp:3)
  17 spriggans
  29 yaks
  9 wyverns
  19 hippogriffs
  4 basilisks
  15 humans (D:13)
  18 vampire mosquitoes
  A steam dragon (Lair:3)
  A hungry ghost (D:9)
  A mottled dragon (D:11)
  3 wargs (D:15)
  23 wolves
  16 insubstantial wisps
  A hell hound (Lair:5)
  30 swamp worms
  11 porcupines
  14 water moccasins
  14 orc warriors
  15 swamp drakes
  An eye of draining (D:14)
  10 ice beasts
  2 necrophages
  2 sky beasts
  4 black bears
  3 phantoms
  6 ogres
  24 wasps
  9 crocodiles
  16 centaurs
  2 big kobolds
  23 giant frogs
  5 scorpions
  3 troll zombies (Swamp:3)
  24 killer bees
  A troll skeleton (Swamp:3)
  3 electric eels
  11 crimson imps
  A quasit (D:12)
  3 draconian simulacra (IceCv)
  2 jellies
  A giant frog skeleton (D:13)
  8 orc priests
  7 hounds
  6 iron imps (D:13)
  9 orc wizards
  8 centaur skeletons
  12 iguanas
  14 worker ants
  3 troll simulacra (IceCv)
  A killer bee zombie (D:8)
  21 sheep
  4 centaur simulacra
  A hound zombie (D:8)
  4 worker ant zombies
  4 adders
  4 gnolls (D:7)
  A naga simulacrum (IceCv)
  33 river rats
  2 ogre simulacra (IceCv)
  3 shadow imps
  A white imp (Lair:7)
  An ooze (D:3)
  4 worms
  5 giant geckos
  50 orcs
  5 ball pythons
  6 giant cockroaches
  6 hobgoblins
  19 jackals
  25 kobolds
  4 quokkas
  8 bats
  A giant gecko skeleton (D:8)
  A giant gecko zombie (D:6)
  5 giant newts
  14 goblins
  A quokka skeleton (D:6)
  28 rats
  A fungus (Lair:2)
  4 plants
1204 creatures vanquished.

Vanquished Creatures (collateral kills)
  A basilisk (Lair:5)
1 creature vanquished.

Vanquished Creatures (others)
  A ghost moth (Spider:3)
  A hydra (Swamp:3)
  A basilisk (Lair:6)
  2 wolves (Lair:8)
  2 swamp drakes (Swamp:1)
  A scorpion (D:7)
  A river rat (Lair:3)
  17 fungi
  3 plants (Lair:8)
29 creatures vanquished.

Grand Total: 1234 creatures vanquished

Notes
Turn   | Place    | Note
--------------------------------------------------------------
     0 | D:1      | Psiweapon the Gargoyle Gladiator began the quest for the Orb.
     0 | D:1      | Reached XP level 1. HP: 12/12 MP: 1/1
   188 | D:1      | Reached XP level 2. HP: 17/17 MP: 2/2
   534 | D:1      | Reached XP level 3. HP: 22/22 MP: 3/3
  1153 | D:3      | Reached skill level 1 in Armour
  1171 | D:3      | Reached XP level 4. HP: 27/27 MP: 4/4
  1267 | D:3      | Found a glowing drain.
  1303 | Sewer    | Entered a sewer
  1350 | Sewer    | Reached skill level 4 in Staves
  1350 | Sewer    | Reached XP level 5. HP: 17/32 MP: 5/5
  1995 | Sewer    | Noticed a big kobold
  2010 | Sewer    | Killed a big kobold
  2010 | Sewer    | Reached XP level 6. HP: 35/37 MP: 6/6
  2944 | D:5      | Entered Level 5 of the Dungeon
  3086 | D:5      | Found Cofaew's Magic Scroll Emporium.
  3120 | D:5      | Bought a scroll of noise for 13 gold pieces
  3120 | D:5      | Bought a scroll of random uselessness for 13 gold pieces
  3120 | D:5      | Bought a scroll of identify for 26 gold pieces
  3208 | D:5      | Noticed an ice beast
  3218 | D:5      | Killed an ice beast
  3218 | D:5      | Reached skill level 5 in Staves
  3218 | D:5      | Reached XP level 7. HP: 30/43 MP: 7/7
  3389 | D:5      | Found a blossoming altar of Fedhas.
  3416 | D:5      | Found a glowing silver altar of Zin.
  3417 | D:5      | Found an opulent altar of Gozag.
  4049 | D:6      | Reached skill level 5 in Dodging
  4049 | D:6      | Reached skill level 1 in Stealth
  4049 | D:6      | Reached XP level 8. HP: 44/48 MP: 8/8
  4096 | D:6      | Found an oddly glowing altar of Pakellas.
  4103 | D:6      | Found a burning altar of Makhleb.
  4105 | D:6      | Found a deep blue altar of Sif Muna.
  4105 | D:6      | Found a glowing golden altar of the Shining One.
  4105 | D:6      | Found a shimmering altar of Xom.
  4168 | D:6      | Became a worshipper of Pakellas the Inventive
  4220 | D:6      | Reached skill level 6 in Staves
  4409 | D:6      | Found a sparkling altar of Nemelex Xobeh.
  4763 | D:6      | Found a staircase to the Ecumenical Temple.
  5104 | D:7      | Reached skill level 5 in Fighting
  5196 | D:7      | Noticed a hill giant
  5197 | D:7      | Identified a +1 rod of clouds (10/10) (You found it on level 7 of the Dungeon)
  5222 | D:7      | Killed a hill giant
  5222 | D:7      | Reached * piety under Pakellas
  5222 | D:7      | Reached skill level 7 in Staves
  5222 | D:7      | Reached skill level 1 in Crossbows
  5222 | D:7      | Reached skill level 1 in Evocations
  5222 | D:7      | Reached XP level 9. HP: 27/54 MP: 9/9
  5718 | D:7      | Reached skill level 5 in Armour
  6142 | D:7      | Found a radiant altar of Vehumet.
  6424 | D:8      | Noticed Joseph
  6432 | D:8      | Killed Joseph
  6665 | D:8      | Reached ** piety under Pakellas
  6665 | D:8      | Received a gift from Pakellas
  6665 | D:8      | Reached XP level 10. HP: 58/60 MP: 11/11
  6666 | D:8      | Noticed Erolcha
  7103 | D:8      | Noticed Psyche
  7119 | D:8      | Killed Psyche
  7119 | D:8      | Reached skill level 8 in Staves
  7312 | D:8      | Killed Erolcha
  7312 | D:8      | Reached skill level 5 in Crossbows
  7383 | D:8      | Learned a level 2 spell: Blink
  7602 | D:9      | Reached *** piety under Pakellas
  7674 | D:9      | Found an iron altar of Okawaru.
  7717 | D:9      | Found a staircase to the Orcish Mines.
  7941 | D:10     | Entered Level 10 of the Dungeon
  8086 | D:10     | Found Cusk's Assorted Antiques.
  8089 | D:10     | Bought a smoky white potion for 20 gold pieces
  8089 | D:10     | Bought a golden potion for 20 gold pieces
  8089 | D:10     | Bought a scroll labeled FEROWI XUVOUNE for 23 gold pieces
  8089 | D:10     | Bought 2 scrolls labeled TIKUTH GUACLABE for 46 gold pieces
  8089 | D:10     | Bought a scroll labeled ETIHIMOSCHY for 23 gold pieces
  8105 | D:10     | Reached skill level 10 in Fighting
  8105 | D:10     | Reached XP level 11. HP: 62/72 MP: 11/15
  8288 | D:10     | Noticed a hill giant
  8291 | D:10     | Killed a hill giant
  8291 | D:10     | Reached XP level 12. HP: 77/77 MP: 9/16
  8339 | D:10     | Reached **** piety under Pakellas
  8339 | D:10     | Received a gift from Pakellas
  8803 | D:11     | Noticed a five-headed hydra
  8813 | D:11     | Killed a five-headed hydra
  9011 | D:11     | Found Mismumoc's General Store.
  9050 | D:11     | Found a staircase to the Lair.
  9055 | Lair:1   | Entered Level 1 of the Lair of Beasts
  9255 | Lair:1   | Noticed Urug
  9259 | Lair:1   | Killed Urug
  9536 | Lair:1   | Noticed Fannar
  9546 | Lair:1   | Killed Fannar
  9939 | Lair:2   | Identified a -1 rod of clouds (13/13) (Pakellas gifted it to you on level 10 of the Dungeon)
 10524 | Lair:2   | Reached skill level 11 in Fighting
 10524 | Lair:2   | Reached skill level 10 in Staves
 10553 | Lair:2   | Reached ***** piety under Pakellas
 10603 | Lair:2   | Noticed a four-headed hydra
 10610 | Lair:2   | Noticed a fire dragon
 10618 | Lair:2   | Killed a four-headed hydra
 10630 | Lair:2   | Killed a fire dragon
 11063 | Lair:2   | Reached XP level 13. HP: 77/84 MP: 18/18
 11377 | Lair:3   | Found a frozen archway.
 11395 | IceCv    | Entered an ice cave
 11463 | IceCv    | Reached skill level 1 in Axes
 12448 | IceCv    | Got a smoking shortbow
 12450 | IceCv    | Identified the +6 shortbow of Deformation {speed, *Corrode rPois rF+ Stlth+} (You found it in an ice cave)
 12490 | IceCv    | Reached skill level 5 in Stealth
 12922 | Lair:3   | Identified Kavesuvegi's Guide on Talismans and the Mountains
 13217 | D:11     | Bought a +2 scale mail of fire resistance for 252 gold pieces
 13346 | D:11     | Found Taighac's Weapon Emporium.
 13383 | D:11     | Found Odweic's Book Emporium.
 13571 | D:11     | Found a shadowy altar of Dithmenos.
 13595 | D:11     | Found Xuvugeir's Antique Armour Boutique.
 13605 | D:11     | Bought a glowing cloak for 112 gold pieces
 13605 | D:11     | Bought a runed hat for 100 gold pieces
 13605 | D:11     | Bought a glowing hat for 100 gold pieces
 13880 | D:11     | Found Xaol's Weapon Shop.
 14564 | D:12     | Got a brightly glowing cloak
 14575 | D:12     | Identified the +0 cloak "Zemih" {Str+4 Slay+2} (You found it on level 12 of the Dungeon)
 15093 | D:13     | Noticed Josephine
 15099 | D:13     | Killed Josephine
 15488 | D:13     | Found a corrupted altar of Lugonu.
 15600 | D:13     | Noticed a vault guard
 15614 | D:13     | Reached skill level 12 in Fighting
 15619 | D:13     | Reached ****** piety under Pakellas
 15619 | D:13     | Gained mutation: Your large and strong wings let you fly indefinitely. [Gargoyle growth]
 15619 | D:13     | Reached XP level 14. HP: 51/92 MP: 14/20
 15904 | D:13     | Found a gate to the Vaults.
 16272 | Lair:1   | Upgraded the game from 0.18-a0-1203-gbde16db to 0.18-a0-1206-g2bec475
 16503 | Lair:3   | Got a wizard robe
 17308 | Lair:4   | Received a gift from Pakellas
 17375 | Lair:4   | Noticed Maud
 17385 | Lair:4   | Killed Maud
 17724 | Lair:5   | Identified the cursed +0 robe of Xeff {+Fly rCorr Str-2 Dex-5} (You found it on level 3 of the Lair of Beasts)
 17731 | Lair:5   | Noticed Nessos
 17733 | Lair:5   | Killed Nessos
 18033 | Lair:5   | Found a hole to the Spider Nest.
 19112 | Lair:6   | Reached XP level 15. HP: 53/97 MP: 21/21
 19400 | Lair:6   | Reached skill level 10 in Dodging
 19432 | Lair:6   | Found a staircase to the Swamp.
 20023 | Lair:7   | Reached skill level 10 in Crossbows
 20169 | Lair:7   | Found a staircase to the Slime Pits.
 20169 | Lair:7   | Found a viscous altar of Jiyva.
 20942 | Lair:8   | Entered Level 8 of the Lair of Beasts
 21418 | Lair:8   | Reached skill level 13 in Fighting
 21910 | Lair:8   | Reached skill level 10 in Evocations
 22328 | Lair:8   | Got a smoking quarterstaff
 22330 | Lair:8   | Identified the +3 quarterstaff "Xuhiag" {flame, +Rage rN+} (You found it on level 8 of the Lair of Beasts)
 23456 | D:14     | Received a gift from Pakellas
 23469 | D:14     | Identified a +0 rod of inaccuracy (10/10) (You found it on level 14 of the Dungeon)
 23507 | D:14     | Noticed Iskender's ghost (journeyman OgWn)
 23557 | D:14     | Killed Iskender's ghost
 23639 | D:14     | Reached XP level 16. HP: 104/104 MP: 16/23
 24010 | D:14     | Got a fine glass ring
 24012 | D:14     | Identified the ring "Ylyreon" {EV+3 Int+4} (You found it on level 14 of the Dungeon)
 24056 | D:14     | Gained mutation: Your mind is acute. (Int +2) [mutagenic meat]
 24057 | D:14     | Gained mutation: You are clumsy. (Dex -2) [mutagenic meat]
 24059 | D:14     | Gained mutation: Your body sometimes deteriorates upon taking damage. [mutagenic meat]
 24060 | D:14     | Gained mutation: You are somewhat resistant to further mutation. [mutagenic meat]
 24061 | D:14     | Gained mutation: You are occasionally teleported next to monsters. [mutagenic meat]
 24066 | D:14     | Gained mutation: You are somewhat resistant to both further mutation and mutation removal. [mutagenic meat]
 24067 | D:14     | Lost mutation: You are clumsy. (Dex -2) [mutagenic meat]
 24558 | D:15     | Entered Level 15 of the Dungeon
 24862 | D:15     | Found a staircase to the Depths.
 24953 | Depths:1 | Entered Level 1 of the Depths
 25242 | D:15     | Gained mutation: You have sharp fingernails. [mutagenic meat]
 25244 | D:15     | Gained mutation: Your muscles are strong. (Str +2) [mutagenic meat]
 25399 | Lair:1   | Gained mutation: You are covered in fur (AC +1). [potion of beneficial mutation]
 25576 | D:15     | Lost mutation: You are somewhat resistant to both further mutation and mutation removal. [mutagenic meat]
 26486 | Swamp:1  | Entered Level 1 of the Swamp
 26538 | Swamp:1  | Noticed Donald
 26555 | Swamp:1  | Killed Donald
 26912 | Swamp:1  | Reached skill level 10 in Armour
 27296 | Swamp:2  | Noticed a thorn hunter
 27309 | Swamp:2  | Killed a thorn hunter
 27309 | Swamp:2  | Reached XP level 17. HP: 77/110 MP: 12/25
 27606 | Swamp:2  | Found a radiant altar of Vehumet.
 27609 | Swamp:2  | Noticed Louise
 27617 | Swamp:2  | Killed Louise
 28007 | Lair:1   | Identified a scroll of acquirement
 28282 | Lair:1   | Got a twisted lajatang
 28283 | Lair:1   | Identified the +9 lajatang of Owejiussurr {freeze, -Tele rPois Str+3 Dex+4} (You acquired it on level 1 of the Lair of Beasts)
 28710 | Swamp:3  | Received a gift from Pakellas
 29005 | Swamp:3  | Gained mutation: You have a pair of small antennae on your head. [mutagenic meat]
 29280 | Swamp:3  | Reached skill level 14 in Fighting
 29668 | Swamp:4  | Entered Level 4 of the Swamp
 29709 | Swamp:4  | Noticed Aizul
 29720 | Swamp:4  | Killed Aizul
 30011 | Swamp:4  | Reached skill level 5 in Axes
 30581 | Swamp:4  | Reached XP level 18. HP: 116/116 MP: 27/27
 30606 | Swamp:4  | Got a decaying rune of Zot
 31066 | Lair:1   | Identified a +10 rod of inaccuracy (18/18) (supercharged by Pakellas)
 31164 | Spider:1 | Entered Level 1 of the Spider Nest
 31664 | Spider:1 | Got a shimmering war axe
 31665 | Spider:1 | Identified the +8 war axe of Fragile Peace {chop, rElec rF+ rN+ Stlth+} (You found it on level 1 of the Spider Nest)
 32795 | Spider:3 | Received a gift from Pakellas
 33176 | Spider:3 | Lost mutation: Your body sometimes deteriorates upon taking damage. [mutagenic meat]
 33540 | Spider:3 | Noticed Mara
 33542 | Spider:3 | Noticed Psiweapon's illusion
 33900 | Spider:3 | Noticed Psiweapon's illusion
 33935 | Spider:3 | Killed from afar by Mara (illusionary)

Vault maps used:
D:1:      minmay_arrival_wavy_path, st_stairs_13
D:2:      lemuel_zombie_altar_yredelemnul, overflow_temple_1_default,
          ashenzari_altar_1
D:3:      portal_sewer_entry_b
D:5:      grunt_temple_overflow_gold_and_silver, fedhas_altar_2, first_bread,
          serial_shops, shop_scrolls
D:6:      grunt_temple_overflow_open, nicolae_overflow_hidden_temple,
          lemuel_temple_firewalk_marked, nemelex_lonely_heart_becter
D:7:      fiery_altar_vehumet, the_bakery
D:8:      uniq_psyche, uniq_erolcha, uniq_joseph
D:9:      orc_0_dummy, okawaru_trees_1
D:10:     serial_shops, nicolae_shop_behind_doors, roderic_lattice_a,
          serial_bayou_pond_b
D:11:     lair_0_dummy, serial_shops, shop_fountains, nicolae_shop_stone, shop,
          nicolae_shop_trees, nicolae_shop_window_shopping, eino_tiny_chamber,
          nicolae_dithmenos_shadow_blocks
D:13:     grunt_vaults_entry_tiered, lemuel_hellish_altar, uniq_josephine
D:14:     corexii_leaking_fountain, minmay_door_square
D:15:     gammafunk_depths_entry_grave, serial_bayou_pond_d
Lair:1:   grunt_megastairs_1, uniq_fannar, uniq_urug
Lair:2:   dragon1_lemuel
Lair:3:   portal_ice_cave_entry_pillars_02, pond, serial_bayou_shore_b,
          grunt_megastairs_2
Lair:4:   grunt_megastairs_5, infiniplex_staircase_pool, serial_bayou_shore_a,
          uniq_maud
Lair:5:   nicolae_spider_entry_orb_guardian, roderic_lost_polar_bear,
          grunt_megastairs_3, uniq_nessos
Lair:6:   nicolae_swamp_entry_splash_gauntlet, special_room
Lair:7:   slime_altar_1, ice2_lemuel, lemuel_fruit_fields
Lair:8:   minmay_lair_end_enchanted_forest, minmay_hedge_maze, zaba_anthole,
          grunt_forest_large_clearings
Swamp:1:  hangedman_swamp_cone, uniq_donald
Swamp:2:  basic_altar, uniq_louise
Swamp:3:  evilmike_swamp_ruin_house_6, cheibrodos_swamp_minitomb
Swamp:4:  swamp, swamp_pool4, uniq_aizul
Spider:1: hangedman_spider_trapstep
Spider:3: guppyfry_spider_mini_3, uniq_mara
Depths:1: grunt_decor_arrowhead, grunt_mini_vestibule, nicolae_barding_shop
Sewer:    sewer_minmay_treatment
IceCv:    ice_cave_tombish

Action                   |  1- 3 |  4- 6 |  7- 9 | 10-12 | 13-15 | 16-18 || total
-------------------------+-------+-------+-------+-------+-------+-------++-------
Melee: Quarterstaff      |   117 |   249 |   232 |   278 |    58 |   174 ||  1108
       Whip              |       |    23 |       |       |       |       ||    23
       Broad axe         |       |       |       |    17 |   156 |    20 ||   193
       Rod               |       |       |       |     2 |       |     1 ||     3
       Lajatang          |       |       |       |    99 |   659 |   590 ||  1348
       Battleaxe         |       |       |       |       |       |    56 ||    56
       War axe           |       |       |       |       |       |    12 ||    12
 Fire: Arbalest          |       |       |    60 |   107 |   449 |   402 ||  1018
Throw: Stone             |     1 |     1 |       |       |       |       ||     2
       Tomahawk          |       |     2 |     8 |     2 |       |       ||    12
       Throwing net      |       |       |     2 |       |     1 |     1 ||     4
Invok: Quick Charge      |       |       |       |     1 |     5 |     9 ||    15
       Device Surge      |       |       |       |     1 |    27 |    32 ||    60
       Supercharge       |       |       |       |       |       |     1 ||     1
 Abil: Fly               |       |       |       |       |     1 |     2 ||     3
Evoke: Wand              |       |       |     6 |    18 |    39 |    40 ||   103
       Rod               |       |       |     5 |    12 |    44 |    68 ||   129
       Fan of gales      |       |       |       |       |     1 |       ||     1
  Use: Scroll            |       |     5 |     4 |     7 |    12 |    14 ||    42
       Potion            |       |     2 |       |     4 |     5 |     7 ||    18
 Stab: Confused          |       |       |     2 |     1 |     1 |     4 ||     8
       Sleeping          |       |       |     1 |     3 |     3 |     3 ||    10
       Distracted        |       |       |       |       |     1 |     2 ||     3
       Paralysed         |       |       |       |       |       |     5 ||     5
  Eat: Chunk             |     1 |     6 |    13 |     9 |    19 |    47 ||    95
       Beef jerky        |       |       |     1 |       |     1 |     3 ||     5
       Meat ration       |       |       |       |     2 |     5 |     4 ||    11
       Bread ration      |       |       |       |     1 |     1 |     4 ||     6
       Fruit             |       |       |       |     1 |     6 |     3 ||    10
       Pizza             |       |       |       |       |     2 |       ||     2
